Canucks vs Islanders

Created - 10 décembre 2020 at 20:23

Goals
1 2 3 T
Canucks 1 1 2 4
Islanders 2 0 0 2
Shots
1 2 3 T
Canucks 11 14 13 38
Islanders 11 11 6 28

1st period

1. Canucks , Mitch Marner 8 (Brayden Point 9, Ron Hainsey 5) at 2:05
2. Islanders , Anthony Cirelli 9 (Tyler Myers 5, Neal Pionk 14) at 5:53 (PP)
3. Islanders , Neal Pionk 4 (Brad Marchand 12, Elias Pettersson 8) at 8:57 (PP)

Penalties :
Boone Jenner (VAN) for Hooking (Minor) at 5:43, Kevin Hayes (VAN) for Hooking (Minor) at 7:03, Jordan Greenway (NYI) for Holding (Minor) at 13:53

2nd period

4. Canucks , Anthony Duclair 5 (Ron Hainsey 6, Tanner Pearson 5) at 1:00

Penalties :
Neal Pionk (NYI) for Holding (Minor) at 14:46, Timo Meier (NYI) for Tripping (Minor) at 18:27

3rd period

5. Canucks , Tanner Pearson 5 (Ryan O'Reilly 13, Keith Yandle 8) at 12:56 (PP)
6. Canucks , Ryan O'Reilly 7 (Blake Coleman 4) at 19:34

Penalties :
Ron Hainsey (VAN) for Hooking (Minor) at 1:30, Jordan Greenway (NYI) for Roughing (Minor) at 12:19

Goalie Stats

Carey Price (VAN), 26 saves from 28 shots - (0,929), W, 14-8-0, 60:00 minutes
Mikko Koskinen (NYI), 34 saves from 38 shots - (0,895), L, 9-15-1, 60:00 minutes

Players Stats for Canucks

Player Name              G  A  P  +/- PIM S  H  SB GA TA FO     MP     PP MP  PK MP  
------------------------------------------------------------------------------------
Aaron Ekblad             0  0  0   0  0   0  0  2  0  0  0/0    21:21   0:00   2:28 
Alex Pietrangelo         0  0  0   1  0   1  1  2  0  0  0/0    26:52   2:56   2:19 
Anthony Duclair          1  0  1   1  0   3  1  0  0  0  1/1    15:08   2:54   0:00 
Blake Coleman            0  1  1   2  0   1  1  0  0  0  2/2    18:23   0:00   1:57 
Boone Jenner             0  0  0   1  2   0  1  0  0  0  5/6    17:39   0:00   1:57 
Brayden Point            0  1  1   1  0   3  0  0  0  0  15/21  19:06   3:15   0:00 
Brock Boeser             0  0  0   0  0   3  0  0  0  0  2/2    17:50   2:42   0:00 
Chris Tierney            0  0  0   0  0   2  0  0  0  0  7/13    7:41   0:00   2:06 
Craig Smith              0  0  0   0  0   0  0  0  0  0  1/1     6:33   0:58   0:00 
Ian Cole                 0  0  0   0  0   0  0  0  0  0  0/0    13:03   0:50   0:00 
Keith Yandle             0  1  1   0  0   3  1  2  0  0  0/0    16:10   3:38   0:36 
Kevin Hayes              0  0  0   1  2   2  0  0  0  0  11/23  15:32   3:19   0:00 
Mitch Marner             1  0  1   1  0   6  0  0  0  0  1/2    19:06   3:15   0:00 
Morgan Rielly            0  0  0   3  0   2  4  2  0  0  0/0    22:48   2:39   1:35 
Ron Hainsey              0  2  2   2  2   0  1  0  0  0  0/0    16:40   0:00   1:08 
Ryan O'Reilly            1  1  2   1  0   5  0  0  0  0  12/22  18:48   3:05   0:00 
Tanner Pearson           1  1  2   1  0   7  4  0  0  0  1/2    17:39   3:19   2:06 
Zach Sanford             0  0  0   0  0   0  1  0  0  0  0/0     5:35   0:00   0:00 

Players Stats for Islanders

Player Name              G  A  P  +/- PIM S  H  SB GA TA FO     MP     PP MP  PK MP  
------------------------------------------------------------------------------------
Andrei Svechnikov        0  0  0  -1  0   6  1  0  0  0  0/1    16:41   1:45   0:00 
Anthony Cirelli          1  0  1  -1  0   3  2  0  0  0  14/28  18:36   1:45   1:55 
Brad Marchand            0  1  1  -1  0   2  7  1  0  0  5/16   24:35   2:18   4:11 
Brock McGinn             0  0  0   0  0   0  0  1  0  0  2/2     6:30   0:00   0:00 
Calle Rosen              0  0  0  -1  0   0  0  1  0  0  0/0    13:22   0:00   0:53 
Colton Sceviour          0  0  0  -1  0   1  0  1  0  0  4/9     9:51   0:00   0:00 
Dennis Cholowski         0  0  0  -1  0   1  0  1  0  0  0/0    21:01   1:35   3:26 
Elias Pettersson         0  1  1  -1  0   2  0  1  0  0  8/30   24:39   2:18   4:15 
Joe Pavelski             0  0  0  -1  0   3  0  0  0  0  0/0    22:19   2:18   1:55 
Jordan Greenway          0  0  0  -1  4   0  2  1  0  0  0/0     9:49   0:00   0:00 
Neal Pionk               1  1  2  -1  2   2  2  0  0  0  0/0    25:30   2:28   2:09 
Nick Holden              0  0  0  -1  0   2  2  0  0  0  0/0    21:07   1:35   3:32 
Nikita Gusev             0  0  0   0  0   1  0  0  0  0  0/1     6:38   0:00   0:08 
Richard Panik            0  0  0  -1  0   1  0  0  0  0  1/1     9:51   0:00   0:00 
Sam Steel                0  0  0   0  0   1  0  0  0  0  2/5     7:14   0:00   0:44 
Timo Meier               0  0  0  -1  2   1  2  0  0  0  1/2    16:40   1:45   0:00 
Travis Dermott           0  0  0  -1  0   0  1  0  0  0  0/0    12:37   0:00   0:08 
Tyler Myers              0  1  1  -1  0   2  2  1  0  0  0/0    26:22   2:28   3:00 

3 Stars

1 - Tanner Pearson (VAN)
2 - Ryan O'Reilly (VAN)
3 - Anthony Duclair (VAN)

Power Play

Canucks - 1 on 4 Attempt(s) - 25,00%
Islanders - 2 on 3 Attempt(s) - 66,67%

Penalty Kill

Canucks - 1 on 3 Attempt(s) - 33,33% - Score 0 goal in Penalty Kill
Islanders - 3 on 4 Attempt(s) - 75,00% - Score 0 goal in Penalty Kill

Team Stat

Canucks - Hits : 15 - Faceoff Wins : 58 - Blocked Shots : 8 - Penalty Minutes : 6
Islanders - Hits : 21 - Faceoff Wins : 37 - Blocked Shots : 8 - Penalty Minutes : 8

Official

Referees : Pierre Lambert and Brandon Blandina
Linesman : Julien Fournier and Steve Miller

Game Notes

No Game Note

Finance

Level 1 -- Attendance: 6000 (100,00%) -- Ticket Income 750 000 $
Level 2 -- Attendance: 4704 (94,08%) -- Ticket Income 399 840 $
Level 3 -- Attendance: 2000 (100,00%) -- Ticket Income 150 000 $
Level 4 -- Attendance: 1795 (100,00%) -- Ticket Income 104 110 $
Luxury Box -- Attendance: 958 (95,80%) -- Ticket Income 182 020 $
Game was played at the Barclays Center.
Total Attendance: 15457 (97,86%)
Total Ticket Income: 1 585 970 $
Other Income: 777 125 $
Total Income: 2 363 095 $

% Time on Ice - Canucks

Lines # - Real PCT - Wanted PCT - Time Play
Normal Forward
1 - 31% - 33% - 15:08
2 - 32% - 33% - 15:51
3 - 25% - 28% - 12:14
4 - 11% - 6% - 5:35
Normal Defense
1 - 39% - 40% - 18:53
2 - 30% - 30% - 14:37
3 - 24% - 20% - 11:56
4 - 7% - 10% - 3:22
PP Forward
1 - 49% - 50% - 3:15
2 - 51% - 50% - 3:19
PP Defense
1 - 45% - 50% - 2:56
2 - 55% - 50% - 3:38
PK Forward
1 - 48% - 50% - 1:57
2 - 52% - 50% - 2:06
PK Defense
1 - 61% - 60% - 2:28
2 - 39% - 40% - 1:35
PK3 Forward
1 - 0% - 50%
2 - 0% - 50%
PK3 Defense
1 - 0% - 70%
2 - 0% - 30%
44 Forward
1 - 0% - 50%
2 - 0% - 50%
44 Defense
1 - 0% - 60%
2 - 0% - 40%
Last Minute Offensive  - 0:00
Last Minute Defensive  - 0:35
Total
Forward - 60:00
Defense - 60:00

% Time on Ice - Islanders

Lines # - Real PCT - Wanted PCT - Time Play
Normal Forward
1 - 36% - 40% - 17:31
2 - 31% - 30% - 14:56
3 - 20% - 20% - 9:51
4 - 13% - 10% - 6:30
Normal Defense
1 - 39% - 40% - 18:59
2 - 33% - 30% - 16:00
3 - 26% - 20% - 12:29
4 - 3% - 10% - 1:20
PP Forward
1 - 57% - 60% - 2:18
2 - 43% - 40% - 1:45
PP Defense
1 - 61% - 60% - 2:28
2 - 39% - 40% - 1:35
PK Forward
1 - 71% - 60% - 4:39
2 - 29% - 40% - 1:55
PK Defense
1 - 48% - 60% - 3:08
2 - 52% - 40% - 3:26
PK3 Forward
1 - 0% - 60%
2 - 0% - 40%
PK3 Defense
1 - 0% - 60%
2 - 0% - 40%
44 Forward
1 - 0% - 60%
2 - 0% - 40%
44 Defense
1 - 0% - 60%
2 - 0% - 40%
Last Minute Offensive  - 0:35
Last Minute Defensive  - 0:00
Total
Forward - 60:00
Defense - 60:00

Play-by-Play

1st period


0:01 of 1st period - Elias Pettersson wins face-off versus Ryan O'Reilly in neutral zone.
0:11 of 1st period - Icing by Neal Pionk.
0:12 of 1st period - Brayden Point wins face-off versus Elias Pettersson in Islanders zone.
0:21 of 1st period - Shot by Brayden Point.
0:21 of 1st period - Stopped by Mikko Koskinen with a rebound.
0:26 of 1st period - Mitch Marner is hit by Tyler Myers and loses puck.
0:36 of 1st period - Shot by Mitch Marner.
0:36 of 1st period - Stopped by Mikko Koskinen without a rebound.
0:37 of 1st period - Timo Meier wins face-off versus Kevin Hayes in Islanders zone.
0:59 of 1st period - Shot by Tanner Pearson.
0:59 of 1st period - Stopped by Mikko Koskinen without a rebound.
1:00 of 1st period - Colton Sceviour wins face-off versus Ryan O'Reilly in Islanders zone.
1:10 of 1st period - Brock Boeser is hit by Jordan Greenway and loses puck.
1:52 of 1st period - Richard Panik is hit by Morgan Rielly and loses puck.
2:03 of 1st period - Shot by Mitch Marner.
2:03 of 1st period - Stopped by Mikko Koskinen with a rebound.
2:05 of 1st period - Shot by Mitch Marner.
2:05 of 1st period - Goal by Mitch Marner - Canucks : 1 - Islanders : 0.
2:06 of 1st period - Anthony Cirelli wins face-off versus Kevin Hayes in neutral zone.
2:28 of 1st period - Shot by Keith Yandle.
2:28 of 1st period - Stopped by Mikko Koskinen without a rebound.
2:29 of 1st period - Elias Pettersson wins face-off versus Chris Tierney in Islanders zone.
2:34 of 1st period - Shot by Joe Pavelski.
2:34 of 1st period - Stopped by Carey Price with a rebound.
2:54 of 1st period - Shot by Craig Smith.
2:54 of 1st period - Shot Misses the Net.
3:11 of 1st period - Icing by Ron Hainsey.
3:12 of 1st period - Chris Tierney wins face-off versus Sam Steel in Canucks zone.
3:42 of 1st period - Shot by Sam Steel.
3:42 of 1st period - Stopped by Carey Price without a rebound.
3:43 of 1st period - Kevin Hayes wins face-off versus Anthony Cirelli in Canucks zone.
3:43 of 1st period - Kevin Hayes is hit by Timo Meier.
3:53 of 1st period - Andrei Svechnikov is hit by Tanner Pearson and loses puck.
4:01 of 1st period - Off-side.
4:02 of 1st period - Ryan O'Reilly wins face-off versus Elias Pettersson in neutral zone.
4:09 of 1st period - Off-side.
4:10 of 1st period - Blake Coleman wins face-off versus Elias Pettersson in neutral zone.
4:39 of 1st period - Shot by Brayden Point.
4:39 of 1st period - Shot Hit the Post.
5:01 of 1st period - Dennis Cholowski is hit by Blake Coleman and loses puck.
5:19 of 1st period - Shot by Anthony Cirelli.
5:19 of 1st period - Shot Hit the Post.
5:21 of 1st period - Shot by Dennis Cholowski.
5:21 of 1st period - Shot Blocked by Alex Pietrangelo.
5:23 of 1st period - Shot by Nick Holden.
5:23 of 1st period - Stopped by Carey Price without a rebound.
5:24 of 1st period - Ryan O'Reilly wins face-off versus Sam Steel in Canucks zone.
5:37 of 1st period - Brock Boeser is hit by Travis Dermott and loses puck.
5:43 of 1st period - Minor Penalty to Boone Jenner for Hooking.
5:44 of 1st period - Anthony Cirelli wins face-off versus Chris Tierney in Canucks zone.
5:45 of 1st period - Shot by Neal Pionk.
5:45 of 1st period - Shot Blocked by Aaron Ekblad.
5:47 of 1st period - Shot by Anthony Cirelli.
5:47 of 1st period - Shot Misses the Net.
5:49 of 1st period - Shot by Tyler Myers.
5:49 of 1st period - Shot Misses the Net.
5:51 of 1st period - Shot by Anthony Cirelli.
5:51 of 1st period - Stopped by Carey Price with a rebound.
5:53 of 1st period - Shot by Anthony Cirelli.
5:53 of 1st period - Goal by Anthony Cirelli - Canucks : 1 - Islanders : 1.
5:54 of 1st period - Ryan O'Reilly wins face-off versus Elias Pettersson in neutral zone.
6:21 of 1st period - Shot by Elias Pettersson.
6:21 of 1st period - Shot Blocked by Keith Yandle.
6:23 of 1st period - Shot by Nick Holden.
6:23 of 1st period - Stopped by Carey Price without a rebound.
6:24 of 1st period - Anthony Cirelli wins face-off versus Kevin Hayes in Canucks zone.
6:32 of 1st period - Andrei Svechnikov is hit by Alex Pietrangelo and loses puck.
6:46 of 1st period - Icing by Alex Pietrangelo.
6:47 of 1st period - Kevin Hayes wins face-off versus Colton Sceviour in Canucks zone.
7:03 of 1st period - Minor Penalty to Kevin Hayes for Hooking.
7:04 of 1st period - Boone Jenner wins face-off versus Elias Pettersson in Canucks zone.
7:04 of 1st period - Boone Jenner is hit by Brad Marchand.
8:09 of 1st period - Icing by Andrei Svechnikov.
8:10 of 1st period - Anthony Cirelli wins face-off versus Chris Tierney in Islanders zone.
8:10 of 1st period - Anthony Cirelli is hit by Tanner Pearson.
8:17 of 1st period - Timo Meier is hit by Ron Hainsey and loses puck.
8:30 of 1st period - Shot by Andrei Svechnikov.
8:30 of 1st period - Shot Misses the Net.
8:40 of 1st period - Shot by Andrei Svechnikov.
8:40 of 1st period - Stopped by Carey Price without a rebound.
8:41 of 1st period - Chris Tierney wins face-off versus Elias Pettersson in Canucks zone.
8:41 of 1st period - Chris Tierney is hit by Brad Marchand.
8:57 of 1st period - Shot by Neal Pionk.
8:57 of 1st period - Goal by Neal Pionk - Canucks : 1 - Islanders : 2.
8:58 of 1st period - Richard Panik wins face-off versus Ryan O'Reilly in neutral zone.
9:42 of 1st period - Icing by Ian Cole.
9:43 of 1st period - Elias Pettersson wins face-off versus Ryan O'Reilly in Canucks zone.
9:58 of 1st period - Icing by Neal Pionk.
9:59 of 1st period - Elias Pettersson wins face-off versus Kevin Hayes in Islanders zone.
9:59 of 1st period - Elias Pettersson is hit by Tanner Pearson.
10:15 of 1st period - Shot by Anthony Duclair.
10:15 of 1st period - Stopped by Mikko Koskinen without a rebound.
10:16 of 1st period - Brayden Point wins face-off versus Andrei Svechnikov in Islanders zone.
10:16 of 1st period - Brayden Point is hit by Nick Holden.
10:36 of 1st period - Shot by Timo Meier.
10:36 of 1st period - Shot Blocked by Morgan Rielly.
10:38 of 1st period - Shot by Timo Meier.
10:38 of 1st period - Shot Misses the Net.
10:42 of 1st period - Shot by Andrei Svechnikov.
10:42 of 1st period - Stopped by Carey Price without a rebound.
10:43 of 1st period - Kevin Hayes wins face-off versus Brad Marchand in Canucks zone.
11:04 of 1st period - Shot by Brad Marchand.
11:04 of 1st period - Stopped by Carey Price without a rebound.
11:05 of 1st period - Anthony Cirelli wins face-off versus Ryan O'Reilly in Canucks zone.
11:14 of 1st period - Shot by Anthony Cirelli.
11:14 of 1st period - Stopped by Carey Price with a rebound.
11:16 of 1st period - Shot by Timo Meier.
11:16 of 1st period - Deflect By Anthony Cirelli.
11:16 of 1st period - Shot Misses the Net.
11:21 of 1st period - Icing by Ron Hainsey.
11:22 of 1st period - Ryan O'Reilly wins face-off versus Elias Pettersson in Canucks zone.
11:22 of 1st period - Brock Boeser is hit by Brad Marchand and loses puck.
11:34 of 1st period - Icing by Ron Hainsey.
11:35 of 1st period - Ryan O'Reilly wins face-off versus Anthony Cirelli in Canucks zone.
11:35 of 1st period - Ryan O'Reilly is hit by Anthony Cirelli.
12:21 of 1st period - Icing by Morgan Rielly.
12:22 of 1st period - Ryan O'Reilly wins face-off versus Elias Pettersson in Canucks zone.
13:53 of 1st period - Minor Penalty to Jordan Greenway for Holding.
13:54 of 1st period - Brayden Point wins face-off versus Brad Marchand in Islanders zone.
14:43 of 1st period - Off-side.
14:44 of 1st period - Kevin Hayes wins face-off versus Sam Steel in neutral zone.
14:46 of 1st period - Alex Pietrangelo is hit by Nick Holden and loses puck.
15:03 of 1st period - Shot by Kevin Hayes.
15:03 of 1st period - Stopped by Mikko Koskinen without a rebound.
15:04 of 1st period - Brayden Point wins face-off versus Brad Marchand in Islanders zone.
15:23 of 1st period - Shot by Ryan O'Reilly.
15:23 of 1st period - Shot Misses the Net.
17:59 of 1st period - Shot by Ryan O'Reilly.
17:59 of 1st period - Stopped by Mikko Koskinen without a rebound.
18:00 of 1st period - Brayden Point wins face-off versus Elias Pettersson in Islanders zone.
19:02 of 1st period - Shot by Brock Boeser.
19:02 of 1st period - Stopped by Mikko Koskinen without a rebound.
19:03 of 1st period - Chris Tierney wins face-off versus Anthony Cirelli in Islanders zone.
19:14 of 1st period - Shot by Chris Tierney.
19:14 of 1st period - Stopped by Mikko Koskinen without a rebound.
19:15 of 1st period - Colton Sceviour wins face-off versus Ryan O'Reilly in Islanders zone.
19:50 of 1st period - Shot by Colton Sceviour.
19:50 of 1st period - Shot Misses the Net.
Goals for this period are 1 for Canucks vs 2 for Islanders.
Shots for this period are 11 for Canucks vs 11 for Islanders.

2nd period


0:01 of 2nd period - Brayden Point wins face-off versus Elias Pettersson in neutral zone.
0:01 of 2nd period - Brayden Point is hit by Brad Marchand.
0:41 of 2nd period - Shot by Joe Pavelski.
0:41 of 2nd period - Stopped by Carey Price without a rebound.
0:42 of 2nd period - Anthony Cirelli wins face-off versus Kevin Hayes in Canucks zone.
1:00 of 2nd period - Shot by Anthony Duclair.
1:00 of 2nd period - Goal by Anthony Duclair - Canucks : 2 - Islanders : 2.
1:01 of 2nd period - Ryan O'Reilly wins face-off versus Colton Sceviour in neutral zone.
1:20 of 2nd period - Shot by Brock Boeser.
1:20 of 2nd period - Shot Blocked by Colton Sceviour.
1:24 of 2nd period - Shot by Ryan O'Reilly.
1:24 of 2nd period - Stopped by Mikko Koskinen without a rebound.
1:25 of 2nd period - Mitch Marner wins face-off versus Elias Pettersson in Islanders zone.
1:44 of 2nd period - Shot by Brad Marchand.
1:44 of 2nd period - Shot Misses the Net.
1:46 of 2nd period - Shot by Joe Pavelski.
1:46 of 2nd period - Shot Blocked by Alex Pietrangelo.
1:48 of 2nd period - Shot by Neal Pionk.
1:48 of 2nd period - Stopped by Carey Price without a rebound.
1:49 of 2nd period - Kevin Hayes wins face-off versus Anthony Cirelli in Canucks zone.
1:49 of 2nd period - Kevin Hayes is hit by Anthony Cirelli.
3:35 of 2nd period - Shot by Colton Sceviour.
3:35 of 2nd period - Stopped by Carey Price without a rebound.
3:36 of 2nd period - Sam Steel wins face-off versus Ryan O'Reilly in Canucks zone.
3:47 of 2nd period - Shot by Sam Steel.
3:47 of 2nd period - Shot Blocked by Keith Yandle.
3:53 of 2nd period - Shot by Nikita Gusev.
3:53 of 2nd period - Stopped by Carey Price without a rebound.
3:54 of 2nd period - Chris Tierney wins face-off versus Anthony Cirelli in Canucks zone.
4:51 of 2nd period - Shot by Elias Pettersson.
4:51 of 2nd period - Stopped by Carey Price without a rebound.
4:52 of 2nd period - Brayden Point wins face-off versus Colton Sceviour in Canucks zone.
4:52 of 2nd period - Brayden Point is hit by Jordan Greenway.
5:11 of 2nd period - Icing by Dennis Cholowski.
5:12 of 2nd period - Colton Sceviour wins face-off versus Kevin Hayes in Islanders zone.
5:12 of 2nd period - Nick Holden is hit by Tanner Pearson.
5:17 of 2nd period - Off-side.
5:18 of 2nd period - Brad Marchand wins face-off versus Kevin Hayes in neutral zone.
5:21 of 2nd period - Aaron Ekblad is hit by Brad Marchand and loses puck.
6:39 of 2nd period - Anthony Cirelli is hit by Morgan Rielly and loses puck.
7:19 of 2nd period - Shot by Keith Yandle.
7:19 of 2nd period - Stopped by Mikko Koskinen without a rebound.
7:20 of 2nd period - Sam Steel wins face-off versus Chris Tierney in Islanders zone.
8:11 of 2nd period - Shot by Ryan O'Reilly.
8:11 of 2nd period - Stopped by Mikko Koskinen without a rebound.
8:12 of 2nd period - Elias Pettersson wins face-off versus Kevin Hayes in Islanders zone.
8:19 of 2nd period - Shot by Elias Pettersson.
8:19 of 2nd period - Stopped by Carey Price without a rebound.
8:20 of 2nd period - Brayden Point wins face-off versus Elias Pettersson in Canucks zone.
8:49 of 2nd period - Shot by Brad Marchand.
8:49 of 2nd period - Shot Misses the Net.
8:51 of 2nd period - Shot by Brad Marchand.
8:51 of 2nd period - Shot Misses the Net.
8:53 of 2nd period - Shot by Joe Pavelski.
8:53 of 2nd period - Stopped by Carey Price with a rebound.
8:55 of 2nd period - Shot by Nick Holden.
8:55 of 2nd period - Shot Blocked by Aaron Ekblad.
9:11 of 2nd period - Shot by Andrei Svechnikov.
9:11 of 2nd period - Stopped by Carey Price without a rebound.
9:12 of 2nd period - Ryan O'Reilly wins face-off versus Anthony Cirelli in Canucks zone.
9:25 of 2nd period - Shot by Andrei Svechnikov.
9:25 of 2nd period - Shot Misses the Net.
9:41 of 2nd period - Shot by Brock Boeser.
9:41 of 2nd period - Shot Misses the Net.
9:43 of 2nd period - Shot by Morgan Rielly.
9:43 of 2nd period - Stopped by Mikko Koskinen without a rebound.
9:44 of 2nd period - Kevin Hayes wins face-off versus Colton Sceviour in Islanders zone.
9:51 of 2nd period - Shot by Tanner Pearson.
9:51 of 2nd period - Stopped by Mikko Koskinen with a rebound.
10:11 of 2nd period - Shot by Anthony Duclair.
10:11 of 2nd period - Stopped by Mikko Koskinen without a rebound.
10:12 of 2nd period - Brayden Point wins face-off versus Elias Pettersson in Islanders zone.
11:26 of 2nd period - Icing by Nick Holden.
11:27 of 2nd period - Anthony Cirelli wins face-off versus Kevin Hayes in Islanders zone.
11:34 of 2nd period - Shot by Dennis Cholowski.
11:34 of 2nd period - Stopped by Carey Price without a rebound.
11:35 of 2nd period - Colton Sceviour wins face-off versus Ryan O'Reilly in Canucks zone.
12:58 of 2nd period - Shot by Andrei Svechnikov.
12:58 of 2nd period - Stopped by Carey Price without a rebound.
12:59 of 2nd period - Elias Pettersson wins face-off versus Brayden Point in Canucks zone.
13:08 of 2nd period - Shot by Brayden Point.
13:08 of 2nd period - Deflect By Blake Coleman.
13:08 of 2nd period - Shot Blocked by Dennis Cholowski.
13:10 of 2nd period - Shot by Blake Coleman.
13:10 of 2nd period - Shot Misses the Net.
13:12 of 2nd period - Shot by Alex Pietrangelo.
13:12 of 2nd period - Shot Misses the Net.
13:33 of 2nd period - Icing by Nick Holden.
13:34 of 2nd period - Anthony Duclair wins face-off versus Elias Pettersson in Islanders zone.
13:49 of 2nd period - Kevin Hayes is hit by Brad Marchand and loses puck.
14:46 of 2nd period - Minor Penalty to Neal Pionk for Holding.
14:47 of 2nd period - Brayden Point wins face-off versus Brad Marchand in Islanders zone.
15:01 of 2nd period - Icing by Alex Pietrangelo.
15:02 of 2nd period - Brayden Point wins face-off versus Brad Marchand in Canucks zone.
15:11 of 2nd period - Tyler Myers is hit by Anthony Duclair and loses puck.
16:39 of 2nd period - Shot by Mitch Marner.
16:39 of 2nd period - Stopped by Mikko Koskinen without a rebound.
16:40 of 2nd period - Brad Marchand wins face-off versus Tanner Pearson in Islanders zone.
16:53 of 2nd period - Shot by Chris Tierney.
16:53 of 2nd period - Shot Misses the Net.
17:00 of 2nd period - Off-side.
17:01 of 2nd period - Brayden Point wins face-off versus Colton Sceviour in neutral zone.
17:04 of 2nd period - Shot by Brayden Point.
17:04 of 2nd period - Deflect By Mitch Marner.
17:04 of 2nd period - Stopped by Mikko Koskinen without a rebound.
17:05 of 2nd period - Brayden Point wins face-off versus Anthony Cirelli in Islanders zone.
17:07 of 2nd period - Mitch Marner is hit by Neal Pionk and loses puck.
17:18 of 2nd period - Shot by Andrei Svechnikov.
17:18 of 2nd period - Deflect By Timo Meier.
17:18 of 2nd period - Shot Misses the Net.
17:20 of 2nd period - Shot by Timo Meier.
17:20 of 2nd period - Stopped by Carey Price without a rebound.
17:21 of 2nd period - Ryan O'Reilly wins face-off versus Elias Pettersson in Canucks zone.
17:34 of 2nd period - Shot by Ryan O'Reilly.
17:34 of 2nd period - Stopped by Mikko Koskinen without a rebound.
17:35 of 2nd period - Kevin Hayes wins face-off versus Timo Meier in Islanders zone.
17:40 of 2nd period - Shot by Tanner Pearson.
17:40 of 2nd period - Stopped by Mikko Koskinen without a rebound.
17:41 of 2nd period - Brad Marchand wins face-off versus Ryan O'Reilly in Islanders zone.
17:52 of 2nd period - Shot by Brock Boeser.
17:52 of 2nd period - Shot Hit the Post.
18:06 of 2nd period - Shot by Tyler Myers.
18:06 of 2nd period - Shot Misses the Net.
18:23 of 2nd period - Icing by Aaron Ekblad.
18:24 of 2nd period - Anthony Cirelli wins face-off versus Ryan O'Reilly in Canucks zone.
18:27 of 2nd period - Minor Penalty to Timo Meier for Tripping.
18:28 of 2nd period - Brayden Point wins face-off versus Brad Marchand in Islanders zone.
18:48 of 2nd period - Off-side.
18:49 of 2nd period - Tanner Pearson wins face-off versus Brad Marchand in neutral zone.
19:04 of 2nd period - Shot by Brock Boeser.
19:04 of 2nd period - Deflect By Kevin Hayes.
19:04 of 2nd period - Stopped by Mikko Koskinen without a rebound.
19:05 of 2nd period - Anthony Cirelli wins face-off versus Brayden Point in Islanders zone.
19:42 of 2nd period - Shot by Morgan Rielly.
19:42 of 2nd period - Stopped by Mikko Koskinen without a rebound.
19:43 of 2nd period - Kevin Hayes wins face-off versus Brad Marchand in Islanders zone.
19:44 of 2nd period - Shot by Brock Boeser.
19:44 of 2nd period - Stopped by Mikko Koskinen without a rebound.
19:45 of 2nd period - Brad Marchand wins face-off versus Kevin Hayes in Islanders zone.
19:53 of 2nd period - Keith Yandle is hit by Neal Pionk and loses puck.
19:56 of 2nd period - Shot by Keith Yandle.
19:56 of 2nd period - Shot Misses the Net.
Goals for this period are 1 for Canucks vs 0 for Islanders.
Shots for this period are 14 for Canucks vs 11 for Islanders.

3rd period


0:01 of 3rd period - Brock Boeser wins face-off versus Brad Marchand in neutral zone.
0:26 of 3rd period - Shot by Keith Yandle.
0:26 of 3rd period - Stopped by Mikko Koskinen without a rebound.
0:27 of 3rd period - Anthony Cirelli wins face-off versus Brayden Point in Islanders zone.
1:07 of 3rd period - Shot by Alex Pietrangelo.
1:07 of 3rd period - Shot Misses the Net.
1:30 of 3rd period - Minor Penalty to Ron Hainsey for Hooking.
1:31 of 3rd period - Elias Pettersson wins face-off versus Chris Tierney in Canucks zone.
1:46 of 3rd period - Shot by Tyler Myers.
1:46 of 3rd period - Stopped by Carey Price without a rebound.
1:47 of 3rd period - Elias Pettersson wins face-off versus Boone Jenner in Canucks zone.
1:50 of 3rd period - Shot by Brad Marchand.
1:50 of 3rd period - Deflect By Elias Pettersson.
1:50 of 3rd period - Shot Blocked by Morgan Rielly.
1:52 of 3rd period - Shot by Tyler Myers.
1:52 of 3rd period - Stopped by Carey Price without a rebound.
1:53 of 3rd period - Chris Tierney wins face-off versus Elias Pettersson in Canucks zone.
2:30 of 3rd period - Icing by Elias Pettersson.
2:31 of 3rd period - Chris Tierney wins face-off versus Elias Pettersson in Islanders zone.
2:31 of 3rd period - Morgan Rielly is hit by Tyler Myers and loses puck.
2:59 of 3rd period - Icing by Dennis Cholowski.
3:00 of 3rd period - Boone Jenner wins face-off versus Anthony Cirelli in Islanders zone.
3:01 of 3rd period - Shot by Blake Coleman.
3:01 of 3rd period - Stopped by Mikko Koskinen without a rebound.
3:02 of 3rd period - Boone Jenner wins face-off versus Anthony Cirelli in Islanders zone.
3:16 of 3rd period - Icing by Dennis Cholowski.
3:17 of 3rd period - Anthony Cirelli wins face-off versus Chris Tierney in Islanders zone.
3:21 of 3rd period - Icing by Anthony Cirelli.
3:22 of 3rd period - Boone Jenner wins face-off versus Anthony Cirelli in Islanders zone.
3:46 of 3rd period - Elias Pettersson is hit by Morgan Rielly and loses puck.
4:10 of 3rd period - Shot by Joe Pavelski.
4:10 of 3rd period - Shot Misses the Net.
4:38 of 3rd period - Shot by Boone Jenner.
4:38 of 3rd period - Shot Misses the Net.
4:44 of 3rd period - Shot by Boone Jenner.
4:44 of 3rd period - Deflect By Brock Boeser.
4:44 of 3rd period - Stopped by Mikko Koskinen without a rebound.
4:45 of 3rd period - Anthony Cirelli wins face-off versus Brayden Point in Islanders zone.
4:52 of 3rd period - Shot by Andrei Svechnikov.
4:52 of 3rd period - Stopped by Carey Price without a rebound.
4:53 of 3rd period - Anthony Cirelli wins face-off versus Brayden Point in Canucks zone.
4:56 of 3rd period - Shot by Andrei Svechnikov.
4:56 of 3rd period - Stopped by Carey Price without a rebound.
4:57 of 3rd period - Ryan O'Reilly wins face-off versus Anthony Cirelli in Canucks zone.
4:57 of 3rd period - Ryan O'Reilly is hit by Timo Meier.
5:58 of 3rd period - Shot by Travis Dermott.
5:58 of 3rd period - Shot Misses the Net.
6:00 of 3rd period - Shot by Richard Panik.
6:00 of 3rd period - Stopped by Carey Price without a rebound.
6:01 of 3rd period - Brock McGinn wins face-off versus Mitch Marner in Canucks zone.
6:36 of 3rd period - Shot by Mitch Marner.
6:36 of 3rd period - Deflect By Brayden Point.
6:36 of 3rd period - Stopped by Mikko Koskinen with a rebound.
6:38 of 3rd period - Shot by Mitch Marner.
6:38 of 3rd period - Stopped by Mikko Koskinen with a rebound.
6:40 of 3rd period - Shot by Blake Coleman.
6:40 of 3rd period - Deflect By Brayden Point.
6:40 of 3rd period - Stopped by Mikko Koskinen without a rebound.
6:41 of 3rd period - Kevin Hayes wins face-off versus Elias Pettersson in Islanders zone.
7:06 of 3rd period - Shot by Kevin Hayes.
7:06 of 3rd period - Shot Misses the Net.
7:20 of 3rd period - Shot by Brad Marchand.
7:20 of 3rd period - Stopped by Carey Price without a rebound.
7:21 of 3rd period - Craig Smith wins face-off versus Anthony Cirelli in Canucks zone.
7:21 of 3rd period - Craig Smith is hit by Andrei Svechnikov.
7:26 of 3rd period - Off-side.
7:27 of 3rd period - Anthony Cirelli wins face-off versus Brayden Point in neutral zone.
9:14 of 3rd period - Shot by Tanner Pearson.
9:14 of 3rd period - Stopped by Mikko Koskinen without a rebound.
9:15 of 3rd period - Brock McGinn wins face-off versus Kevin Hayes in Islanders zone.
9:31 of 3rd period - Shot by Anthony Duclair.
9:31 of 3rd period - Shot Misses the Net.
9:33 of 3rd period - Shot by Kevin Hayes.
9:33 of 3rd period - Shot Hit the Post.
9:35 of 3rd period - Shot by Tanner Pearson.
9:35 of 3rd period - Shot Blocked by Brock McGinn.
10:05 of 3rd period - Shot by Chris Tierney.
10:05 of 3rd period - Stopped by Mikko Koskinen with a rebound.
10:07 of 3rd period - Shot by Chris Tierney.
10:07 of 3rd period - Shot Misses the Net.
10:23 of 3rd period - Shot by Alex Pietrangelo.
10:23 of 3rd period - Stopped by Mikko Koskinen without a rebound.
10:24 of 3rd period - Brayden Point wins face-off versus Elias Pettersson in Islanders zone.
10:49 of 3rd period - Morgan Rielly is hit by Brad Marchand and loses puck.
12:19 of 3rd period - Minor Penalty to Jordan Greenway for Roughing.
12:20 of 3rd period - Kevin Hayes wins face-off versus Brad Marchand in Islanders zone.
12:23 of 3rd period - Shot by Tanner Pearson.
12:23 of 3rd period - Stopped by Mikko Koskinen without a rebound.
12:24 of 3rd period - Brad Marchand wins face-off versus Kevin Hayes in Islanders zone.
12:30 of 3rd period - Brad Marchand is hit by Keith Yandle and loses puck.
12:34 of 3rd period - Icing by Ryan O'Reilly.
12:35 of 3rd period - Brock Boeser wins face-off versus Brad Marchand in Canucks zone.
12:50 of 3rd period - Shot by Ryan O'Reilly.
12:50 of 3rd period - Shot Misses the Net.
12:52 of 3rd period - Shot by Keith Yandle.
12:52 of 3rd period - Shot Blocked by Elias Pettersson.
12:54 of 3rd period - Shot by Ryan O'Reilly.
12:54 of 3rd period - Shot Misses the Net.
12:56 of 3rd period - Shot by Tanner Pearson.
12:56 of 3rd period - Goal by Tanner Pearson - Canucks : 3 - Islanders : 2.
12:57 of 3rd period - Blake Coleman wins face-off versus Anthony Cirelli in neutral zone.
14:20 of 3rd period - Brad Marchand is hit by Morgan Rielly and loses puck.
15:26 of 3rd period - Shot by Anthony Duclair.
15:26 of 3rd period - Shot Blocked by Calle Rosen.
15:33 of 3rd period - Off-side.
15:34 of 3rd period - Ryan O'Reilly wins face-off versus Nikita Gusev in neutral zone.
16:05 of 3rd period - Dennis Cholowski is hit by Boone Jenner and loses puck.
16:18 of 3rd period - Dennis Cholowski is hit by Zach Sanford and loses puck.
16:41 of 3rd period - Shot by Craig Smith.
16:41 of 3rd period - Shot Blocked by Tyler Myers.
17:06 of 3rd period - Icing by Neal Pionk.
17:07 of 3rd period - Kevin Hayes wins face-off versus Elias Pettersson in Islanders zone.
18:57 of 3rd period - Shot by Tanner Pearson.
18:57 of 3rd period - Shot Blocked by Jordan Greenway.
18:59 of 3rd period - Shot by Tanner Pearson.
18:59 of 3rd period - Stopped by Mikko Koskinen without a rebound.
19:00 of 3rd period - Ryan O'Reilly wins face-off versus Elias Pettersson in Islanders zone.
19:09 of 3rd period - Shot by Morgan Rielly.
19:09 of 3rd period - Shot Blocked by Brad Marchand.
19:11 of 3rd period - Shot by Ryan O'Reilly.
19:11 of 3rd period - Shot Misses the Net.
19:16 of 3rd period - Icing by Neal Pionk.
19:17 of 3rd period - Boone Jenner wins face-off versus Elias Pettersson in Islanders zone.
19:30 of 3rd period - Shot by Ryan O'Reilly.
19:30 of 3rd period - Shot Misses the Net.
19:34 of 3rd period - Shot by Ryan O'Reilly.
19:34 of 3rd period - Goal by Ryan O'Reilly - Canucks : 4 - Islanders : 2.
19:35 of 3rd period - Chris Tierney wins face-off versus Anthony Cirelli in neutral zone.
Goals for this period are 2 for Canucks vs 0 for Islanders.
Shots for this period are 13 for Canucks vs 6 for Islanders.